 Dungeon Crawl Stone Soup version 0.26.0-90-g5fd8617961 (webtiles) character file.

Game seed: 12371774603442496981

28 swilekon the Firebug (level 3, -1/21 HPs)
             Began as an Octopode Fire Elementalist on Feb 3, 2021.
             Killed from afar by Natasha (7 damage)
             ... with a magic dart
             ... on level 2 of the Dungeon.
             The game lasted 00:02:59 (1265 turns).

swilekon the Firebug (Octopode Fire Elementalist)   Turns: 1265, Time: 00:03:00

Health: -1/21      AC:  1    Str:  7    XL:     3   Next: 14%
Magic:  1/6        EV: 13    Int: 18    God:
Gold:   58         SH:  0    Dex: 12    Spells: 5/6 levels left

rFire    . . .     SeeInvis .   h - +0 dagger
rCold    . . .     Faith    .   (no shield)
rNeg     . . .     Spirit   .   (helmet restricted)
rPois    .         Reflect  .   (no amulet)
rElec    .         Harm     .   (no ring)
rCorr    .         Rampage  .   (no ring)
Will     .....                  (no ring)
Stlth    +++.......             (no ring)
HPRegen  0.07/turn              (no ring)
MPRegen  0.10/turn              (no ring)
                                (no ring)
                                (no ring)

@: slowed, very slow
A: almost no armour, stealthy swim, amphibious, 8 rings, constrict 8, camouflage
1, gelatinous body 1
a: no special abilities


You were on level 2 of the Dungeon.
You visited 1 branch of the dungeon, and saw 2 of its levels.

You collected 58 gold pieces.

Inventory:

Hand Weapons
 h - a +0 dagger (weapon)
Scrolls
 b - 3 scrolls of identify {unknown}
 c - 2 scrolls of teleportation {unknown}
 d - a scroll of noise {unknown}
 g - 2 scrolls of enchant armour {unknown}
Potions
 e - a potion of haste {unknown}
 f - a potion of mutation {unknown}
 i - a potion of curing {unknown}


   Skills:
 + Level 2.2 Dodging
 + Level 3.0 Stealth
 + Level 2.1 Spellcasting
 * Level 1.9 Conjurations
 * Level 3.4 Fire Magic


You had 5 spell levels left.
You knew the following spells:

 Your Spells              Type           Power        Failure   Level
a - Foxfire               Conj/Fire      44%          6%          1

Your spell library contained the following spells:

 Spells                   Type           Power        Failure   Level
 Conjure Flame            Conj/Fire      11%          19%         3
 Inner Flame              Hex/Fire       8%           26%         3
 Sticky Flame             Conj/Fire      11%          52%         4
 Fireball                 Conj/Fire      5%           86%         5


Dungeon Overview and Level Annotations

Branches:
Dungeon (2/15)

Altars:
Ashenzari

Annotations:
D:2 Natasha


Innate Abilities, Weirdness & Mutations

You cannot wear most types of armour.
You are very stealthy in the water. (Stealth+)
You are amphibious.
You can wear up to eight rings at the same time.
You can use your tentacles to constrict eight enemies at once.
Your skin changes colour to match your surroundings (Stealth+).
Your rubbery body absorbs attacks. (AC +1, EV +1)


Message History

You conjure some foxfire!
Natasha claws you!
Your magical contamination has completely faded away.
Nothing appears to happen.
The foxfire hits Natasha.
Natasha is moderately wounded.
Natasha closely misses you.
You closely miss Natasha. Your grab misses Natasha.
Natasha is moderately wounded.
Natasha claws you.
* * * LOW HITPOINT WARNING * * *
Blink to where?
Press: ? - help, Dir - move target
As you read the scroll labelled SIVA DIAKINGAO, it crumbles to dust.
It was a scroll of blinking.
Natasha casts a spell at you.
You feel yourself slow down.
Natasha stares at you and mumbles some strange words.
You feel as though you will be slow longer.
Natasha stares at you and mumbles some strange words.
The magic dart hits you!
You die...

.......#≈.>≈#......#.#
#.# .......#
≈≈≈#......#.# #.##
.......####'#......'.#
#...
...................###
###.
########..##'#######
##########.
.......###.#
#..........
....#.####.#
#.#########
###.#......##########.#
#..##..####.@.......#
###.##..# #.#########
.......># #.# ####.#..#
#.# #......# #.# ##
#.##.#.# #.# ..#
#[#....# #.# $..#
#.#....# #h# ..$.#
#......# #.##.....#


You could see Natasha.

Vanquished Creatures
  A dart slug (D:1)
  2 ball pythons (D:1)
  A giant cockroach (D:1)
  4 goblins (D:1)
  5 hobgoblins
  3 kobolds (D:1)
  4 bats
  2 frilled lizards (D:1)
  2 rats (D:1)
24 creatures vanquished.

Vanquished Creatures (others)
  56 foxfires
56 creatures vanquished.

Grand Total: 80 creatures vanquished

Notes
Turn   | Place    | Note
-------+----------+-------------------------------------------
     0 | D:1      | swilekon the Octopode Fire Elementalist began the quest for
                  | the Orb.
     0 | D:1      | Reached XP level 1. HP: 11/11 MP: 3/3
   461 | D:1      | Reached XP level 2. HP: 17/17 MP: 1/5
   824 | D:1      | Reached XP level 3. HP: 21/21 MP: 0/6
  1120 | D:2      | Found a broken altar of Ashenzari.
  1253 | D:2      | Noticed Natasha
  1265 | D:2      | Killed from afar by Natasha

Illustrated notes

Levels and vault maps discovered:
D:1:      dpeg_arrival_refuge, layout_basic
D:2:      layout_basic, general_overflow_altar, uniq_natasha, uniq_terence

Skill      XL: |  1  2 |
---------------+-------+-----
Stealth        | 3 |  3.0
Dodging        | |  2.2
Spellcasting   | |  2.1
Conjurations   | |  1.9
Fire Magic     | |  3.4

Action                   || total
-------------------------++-------
Melee: Unarmed           ||    20
       Constrict         ||     7
       Tentacles         ||     4
       Dagger            ||     2
 Cast: Foxfire           ||    40
  Use: Scroll            ||     1
Dodge: Dodged            ||    23
